SKY
MEMPHIS BLUES @ PITTSBURGH PIRATES
02/26/2052
 
TOP OF THE 1ST
Memphis Blues batting - Pitching for Pittsburgh Pirates : RHP Adriel Owen
Pitching: RHP Adriel Owen
Batting: RHB Oscar Acosta 0-0: Foul Ball, location: 23FF
0-1: Ball
1-1: Foul Ball, location: 2F
1-2: Ball
2-2: Foul Ball, location: 25F
2-2: Fly out, F8 (Flyball, 8RXD, EV 90.0 MPH)
Batting: LHB Brandon Brosnan 0-0: Called Strike
0-1: DOUBLE (Flyball, 8LXD, EV 113.1 MPH)
Batting: LHB Max Foster 0-0: Foul Ball, location: 3SF
0-1: Foul Ball, location: 3SF
0-2: Foul Ball, location: 2F
0-2: Foul Ball, location: 2F
0-2: Ball
1-2: Fly out, F4 (Line Drive, 34, EV 70.6 MPH)
Batting: LHB Nimio Aparicio 0-0: Foul Ball, location: 5DF
0-1: Ball
1-1: Ball
2-1: Ground out 4-3 (Groundball, 4, EV 83.8 MPH)
Top of the 1st over - 0 runs, 1 hit, 0 errors, 1 left on base; Memphis 0 - Pittsburgh 0
BOTTOM OF THE 1ST
Pittsburgh Pirates batting - Pitching for Memphis Blues : RHP Marc Masterson
Pitching: RHP Marc Masterson
Batting: LHB Miller Head 0-0: Ball
1-0: Ball
2-0: Called Strike
2-1: Swinging Strike
2-2: Ball
3-2: SINGLE (Line Drive, 89S, EV 106.3 MPH)
Batting: LHB Nicolas González 0-0: Foul Ball, location: 9LSFF
0-1: Ball
1-1: Ball
2-1: Foul Ball, location: 3DF
2-2: Foul Ball, location: 2F
2-2: Foul Ball, location: 7LSF
2-2: Strikes out looking
Batting: LHB Jim Lunsford 0-0: Ball
1-0: Swinging Strike
1-1: Called Strike
Miller Head steals 2nd base
1-2: Ball
2-2: Strikes out swinging
Batting: LHB Eric Gehman 0-0: Ball
1-0: Foul Ball, location: 9LMF
1-1: Ball
2-1: Ball
3-1: Called Strike
3-2: Foul Ball, location: 3F
3-2: SINGLE (Groundball, 4D, EV 96.3 MPH)
Miller Head to third
Runner from 3rd tries for Home, SAFE, throw by RF to home
Batting: LHB Lindsay Handy 0-0: Called Strike
0-1: Foul Ball, location: 7LSF
0-2: Ball
1-2: Ball
2-2: Ball
3-2: Strikes out looking
Bottom of the 1st over - 1 run, 2 hits, 0 errors, 1 left on base; Memphis 0 - Pittsburgh 1
TOP OF THE 2ND
Memphis Blues batting - Pitching for Pittsburgh Pirates : RHP Adriel Owen
Batting: LHB Geoffrey Haycraft 0-0: SINGLE (Line Drive, 6MD, EV 99.4 MPH)
Batting: RHB Levi Garvin 0-0: Called Strike
0-1: Foul Ball, location: 3SF
0-2: Foul Ball, location: 2F
0-2: Ball
1-2: Foul Ball, location: 3FF
1-2: Strikes out looking
Batting: RHB Chip Quinn 0-0: Foul Ball, location: 9LSF
0-1: Ball
1-1: Foul Ball, location: 23F
1-2: Foul Ball, location: 3FF
1-2: Ball
2-2: Foul Ball, location: 2F
2-2: Ball
3-2: Base on Balls
Geoffrey Haycraft to second
Batting: RHB Marek Enge 0-0: Ball
1-0: Ball
2-0: Fielders Choice at 2nd, 5-4 (Groundball, 5, EV 80.6 MPH)
Geoffrey Haycraft to third
Batting: RHB Russ Lavin 0-0: 3-RUN HOME RUN (Flyball, 7LD, EV 95.6 MPH), Distance : 365 ft
Batting: RHB Oscar Acosta 0-0: Ball
1-0: Fly out, F8 (Flyball, 8LM, EV 83.1 MPH)
Top of the 2nd over - 3 runs, 2 hits, 0 errors, 0 left on base; Memphis 3 - Pittsburgh 1
BOTTOM OF THE 2ND
Pittsburgh Pirates batting - Pitching for Memphis Blues : RHP Marc Masterson
Batting: RHB Caleb Phillips 0-0: Ball
1-0: Called Strike
1-1: Swinging Strike
1-2: Hit by Pitch
Batting: LHB Gavin Greenwalt 0-0: Fly out, F9 (Flyball, 9S, EV 85.0 MPH)
Batting: RHB Gael Rumley 0-0: Ball
Caleb Phillips steals 2nd base (no throw)
1-0: Ground out 6-3 (Groundball, 6M, EV 97.5 MPH)
Caleb Phillips to third
Batting: RHB Matt Krodel 0-0: Ball
1-0: DOUBLE (Flyball, 89D, EV 105.6 MPH)
Caleb Phillips scores
Batting: LHB Miller Head 0-0: DOUBLE (Line Drive, 78D, EV 104.4 MPH)
Matt Krodel scores
Batting: LHB Nicolas González 0-0: Ball
1-0: Ball
2-0: Foul Ball, location: 7LDF
2-1: Foul Ball, location: 2F
2-2: Strikes out looking
Bottom of the 2nd over - 2 runs, 2 hits, 0 errors, 1 left on base; Memphis 3 - Pittsburgh 3
TOP OF THE 3RD
Memphis Blues batting - Pitching for Pittsburgh Pirates : RHP Adriel Owen
Batting: LHB Brandon Brosnan 0-0: Ground out 1-3 (Groundball, 34S, EV 68.8 MPH)
Batting: LHB Max Foster 0-0: Ground out 5-3 (Groundball, 5, EV 83.1 MPH)
Batting: LHB Nimio Aparicio 0-0: Ball
1-0: Ball
2-0: Ground out 4-3 (Groundball, 34D, EV 108.1 MPH)
Top of the 3rd over - 0 runs, 0 hits, 0 errors, 0 left on base; Memphis 3 - Pittsburgh 3
BOTTOM OF THE 3RD
Pittsburgh Pirates batting - Pitching for Memphis Blues : RHP Marc Masterson
Batting: LHB Jim Lunsford 0-0: Fly out, F9 (Flyball, 9LD, EV 97.5 MPH)
Batting: LHB Eric Gehman 0-0: Ball
1-0: Called Strike
1-1: DOUBLE (Flyball, 89XD, EV 101.3 MPH) - OUT at third base trying to stretch hit.
Batting: LHB Lindsay Handy 0-0: Called Strike
0-1: Ground out 4-3 (Groundball, 4, EV 89.4 MPH)
Bottom of the 3rd over - 0 runs, 1 hit, 0 errors, 0 left on base; Memphis 3 - Pittsburgh 3
TOP OF THE 4TH
Memphis Blues batting - Pitching for Pittsburgh Pirates : RHP Adriel Owen
Batting: LHB Geoffrey Haycraft 0-0: Ball
1-0: Foul Ball, location: 7LSF
1-1: SINGLE (Line Drive, 89S, EV 98.8 MPH)
Batting: RHB Levi Garvin 0-0: Ball
1-0: Bunted foul
1-1: Sac Bunt to 2L - play at first, batter OUT! 2-3
Geoffrey Haycraft to second
Batting: RHB Chip Quinn 0-0: Ball
1-0: Foul Ball, location: 5FF
1-1: Called Strike
1-2: Strikes out looking
Batting: RHB Marek Enge 0-0: Called Strike
Balk!
Geoffrey Haycraft to third
0-1: Called Strike
0-2: Strikes out swinging
Top of the 4th over - 0 runs, 1 hit, 0 errors, 1 left on base; Memphis 3 - Pittsburgh 3
BOTTOM OF THE 4TH
Pittsburgh Pirates batting - Pitching for Memphis Blues : RHP Marc Masterson
Batting: RHB Caleb Phillips 0-0: Ball
1-0: Ball
2-0: Called Strike
2-1: Ball
3-1: Called Strike
3-2: Strikes out swinging
Batting: LHB Gavin Greenwalt 0-0: Ball
1-0: Ground out 6-3 (Groundball, 6, EV 88.1 MPH)
Batting: RHB Gael Rumley 0-0: Called Strike
0-1: Called Strike
0-2: Ball
1-2: Fly out, F8 (Flyball, 8LM, EV 91.9 MPH)
Bottom of the 4th over - 0 runs, 0 hits, 0 errors, 0 left on base; Memphis 3 - Pittsburgh 3
TOP OF THE 5TH
Memphis Blues batting - Pitching for Pittsburgh Pirates : RHP Adriel Owen
Now at 3B: Hunter Schilke
Now at SS: Jeremy Powers
Now in CF: Uriel Roberts
Now in RF: Benjamel Awe
Batting: RHB Russ Lavin 0-0: Ground out 6-3 (Groundball, 6, EV 78.8 MPH)
Batting: RHB Oscar Acosta 0-0: Called Strike
0-1: Ball
1-1: Ball
2-1: Foul Ball, location: 2F
2-2: Ball
3-2: Fly out, F9 (Line Drive, 9LM, EV 108.8 MPH)
Pinch Hitting: RHB Damian Tanner 0-0: SINGLE (Groundball, 34S, EV 63.8 MPH) (infield hit)
Pinch Hitting: RHB Bryan Keenan 0-0: Ball
1-0: Swinging Strike
1-1: Ball
2-1: Fly out, F7 (Flyball, 78S, EV 81.3 MPH)
Top of the 5th over - 0 runs, 1 hit, 0 errors, 1 left on base; Memphis 3 - Pittsburgh 3
BOTTOM OF THE 5TH
Pittsburgh Pirates batting - Pitching for Memphis Blues : RHP Marc Masterson
Pitching: RHP Mason Biondo
Now at 1B: Caleb Oliver
Now at 2B: Josh Benedict
Now at 3B: Jeremiah Munsell
Now at SS: Yefferson Parras
Now in LF: Bryan Keenan
Now in CF: Damian Tanner
Now in RF: Nimio Aparicio
Batting: RHB Matt Krodel 0-0: Ball
1-0: Called Strike
1-1: Fly out, F8 (Flyball, 89M, EV 93.8 MPH)
Batting: RHB Hunter Schilke 0-0: Swinging Strike
0-1: Swinging Strike
0-2: Ball
1-2: Strikes out looking
Batting: RHB Uriel Roberts 0-0: Called Strike
0-1: Ball
1-1: Ball
2-1: Foul Ball, location: 3F
2-2: Ball
3-2: Base on Balls
Batting: LHB Jim Lunsford 0-0: Ball
1-0: Foul Ball, location: 23F
1-1: Ground out 4-3 (Groundball, 34D, EV 96.3 MPH)
Bottom of the 5th over - 0 runs, 0 hits, 0 errors, 1 left on base; Memphis 3 - Pittsburgh 3
TOP OF THE 6TH
Memphis Blues batting - Pitching for Pittsburgh Pirates : RHP Adriel Owen
Pitching: RHP Wildman Mercado
Now at C: Michael Shatley
Now in LF: David Dudley
Pinch Hitting: RHB Urso Cardona 0-0: Called Strike
0-1: Ball
1-1: Called Strike
1-2: Ball
2-2: Foul Ball, location: 2F
2-2: Strikes out swinging
Pitching: LHP Greg Ong
Batting: LHB Caleb Oliver 0-0: Called Strike
0-1: Called Strike
0-2: Strikes out looking
Pitching: RHP Edgar Bess
Batting: RHB Yefferson Parras 0-0: Ground out 5-3 (Groundball, 56S, EV 66.3 MPH)
Top of the 6th over - 0 runs, 0 hits, 0 errors, 0 left on base; Memphis 3 - Pittsburgh 3
BOTTOM OF THE 6TH
Pittsburgh Pirates batting - Pitching for Memphis Blues : RHP Mason Biondo
Pitching: RHP Zach Martin
Now in RF: Urso Cardona
Batting: RHB Jeremy Powers 0-0: Foul Ball, location: 3FF
0-1: Foul Ball, location: 2RF
0-2: Ground out 6-3 (Groundball, 56D, EV 94.4 MPH)
Pinch Hitting: LHB Dan Crain 0-0: Ball
1-0: Ground out U3 (Groundball, 34, EV 105.6 MPH)
Batting: RHB Benjamel Awe 0-0: Called Strike
0-1: Called Strike
0-2: Strikes out looking
Bottom of the 6th over - 0 runs, 0 hits, 0 errors, 0 left on base; Memphis 3 - Pittsburgh 3
TOP OF THE 7TH
Memphis Blues batting - Pitching for Pittsburgh Pirates : RHP Edgar Bess
Now at 1B: Dan Crain
Now at 2B: Hubert Evans
Batting: LHB Jeremiah Munsell 0-0: Called Strike
0-1: Called Strike
0-2: Ball
1-2: Fly out, F7 (Flyball, 7D, EV 98.8 MPH)
Pinch Hitting: LHB Torquato Fajardo 0-0: Ball
1-0: Ball
2-0: Ball
3-0: Called Strike
3-1: Base on Balls
Batting: RHB Russ Lavin 0-0: Ball
1-0: SINGLE (Line Drive, 89S, EV 103.1 MPH)
Torquato Fajardo to second
Batting: LHB R.J. Brown 0-0: Called Strike
0-1: Fly out, F8 (Flyball, 8RM, EV 94.4 MPH)
Pinch Hitting: RHB Yohan Roque 0-0: Called Strike
0-1: Ball
1-1: Called Strike
1-2: Ball
2-2: Ball
Wild Pitch!
Torquato Fajardo to third
Russ Lavin to second
3-2: Base on Balls
Pinch Hitting: LHB Alex Nicholson 0-0: Ball
1-0: Ball
2-0: Ball
3-0: Base on Balls
Torquato Fajardo scores
Russ Lavin to third
Yohan Roque to second
Batting: RHB Urso Cardona 0-0: Swinging Strike
0-1: Fly out, F8 (Flyball, 89M, EV 78.1 MPH)
Top of the 7th over - 1 run, 1 hit, 0 errors, 3 left on base; Memphis 4 - Pittsburgh 3
BOTTOM OF THE 7TH
Pittsburgh Pirates batting - Pitching for Memphis Blues : RHP Zach Martin
Pitching: RHP Conrad Strong
Now at 2B: Julien Straton
Now in LF: Karl Castillo
Now in CF: Amadeo Ybarra
Pinch Hitting: LHB Domingo Andres 0-0: Foul Ball, location: 7LDF
0-1: Ball
1-1: Called Strike
1-2: Ball
2-2: Fly out, F3 (Line Drive, 3, EV 73.1 MPH)
Batting: RHB David Dudley 0-0: Foul Ball, location: 7LSFF
0-1: SINGLE (Line Drive, 34D, EV 71.9 MPH)
Batting: SHB Michael Shatley 0-0: Ball
David Dudley is caught stealing 2nd base 2-6
1-0: Ball
2-0: Called Strike
2-1: Fly out, F8 (Line Drive, 8LD, EV 105.6 MPH)
Bottom of the 7th over - 0 runs, 1 hit, 0 errors, 0 left on base; Memphis 4 - Pittsburgh 3
TOP OF THE 8TH
Memphis Blues batting - Pitching for Pittsburgh Pirates : RHP Edgar Bess
Pitching: LHP Cal Justis
Now at 2B: Josiah Huff
Batting: LHB Caleb Oliver 0-0: Ball
1-0: Hit by Pitch
Pitching: RHP Shea Cooper
Batting: RHB Yefferson Parras 0-0: Fly out, F8 (Flyball, 8LM, EV 92.5 MPH)
Batting: LHB Jeremiah Munsell 0-0: Ball
1-0: Foul Ball, location: 2F
1-1: Ball
2-1: Ball
3-1: Base on Balls
Caleb Oliver to second
Batting: RHB Julien Straton 0-0: Foul Ball, location: 2F
0-1: Ball
1-1: SINGLE (Groundball, 34D, EV 97.5 MPH)
Caleb Oliver to third
Jeremiah Munsell to second
Runner from 3rd tries for Home, SAFE, throw by RF to home
Pinch Hitting: SHB Ishmael Baptiste 0-0: Fly out, F7 (Line Drive, 78M, EV 86.9 MPH)
Batting: LHB R.J. Brown 0-0: Ball
1-0: Called Strike
1-1: Ball
2-1: Ball
3-1: Swinging Strike
3-2: Fly out, F4 (Popup, 3S, EV 82.5 MPH)
Top of the 8th over - 1 run, 1 hit, 0 errors, 2 left on base; Memphis 5 - Pittsburgh 3
BOTTOM OF THE 8TH
Pittsburgh Pirates batting - Pitching for Memphis Blues : RHP Conrad Strong
Pitching: RHP Da'Shawn Evans
Now at C: Ishmael Baptiste
Pinch Hitting: LHB P.J. Rey 0-0: Swinging Strike
0-1: Called Strike
0-2: Foul Ball, location: 7LSF
0-2: Ground out 4-3 (Groundball, 4D, EV 85.0 MPH)
Pinch Hitting: LHB Tracy Dyer 0-0: Ball
1-0: Foul Ball, location: 2F
1-1: Foul Ball, location: 2F
1-2: SINGLE (Groundball, 6MD, EV 103.8 MPH)
Batting: LHB Jim Lunsford 0-0: Called Strike
0-1: Ball
1-1: Foul Ball, location: 7LMF
1-2: Ball
2-2: Foul Ball, location: 5SF
2-2: Ball
3-2: Grounds into double play, 4-6-3 (Groundball, 4, EV 87.5 MPH)
Bottom of the 8th over - 0 runs, 1 hit, 0 errors, 0 left on base; Memphis 5 - Pittsburgh 3
TOP OF THE 9TH
Memphis Blues batting - Pitching for Pittsburgh Pirates : RHP Shea Cooper
Pitching: RHP Salomón Jiménez
Now at 3B: Andy Kiser
Now in LF: Tracy Dyer
Now in CF: David Dudley
Pinch Hitting: LHB Josiah Brito 0-0: Swinging Strike
0-1: Fly out, F7 (Flyball, 7, EV 87.5 MPH)
Batting: RHB Karl Castillo 0-0: Ball
1-0: Called Strike
1-1: Called Strike
1-2: Foul Ball, location: 9LSF
1-2: Strikes out swinging, 2-3 out at first.
Pinch Hitting: LHB Kent Dada 0-0: Called Strike
0-1: Ball
1-1: Swinging Strike
1-2: Foul Ball, location: 2F
1-2: Ball
2-2: Strikes out swinging
Top of the 9th over - 0 runs, 0 hits, 0 errors, 0 left on base; Memphis 5 - Pittsburgh 3
BOTTOM OF THE 9TH
Pittsburgh Pirates batting - Pitching for Memphis Blues : RHP Da'Shawn Evans
Pitching: RHP Leon Szalay
Now in CF: Val Gutiérrez
Now in RF: Kent Dada
Batting: RHB Jeremy Powers 0-0: Ball
1-0: Ball
2-0: Foul Ball, location: 2F
2-1: Foul Ball, location: 3FF
2-2: Foul Ball, location: 2F
2-2: Foul Ball, location: 2F
2-2: Ball
3-2: Fly out, F7 (Flyball, 7, EV 88.8 MPH)
Batting: LHB Dan Crain 0-0: Called Strike
0-1: Ball
1-1: Called Strike
1-2: SINGLE (Groundball, 34D, EV 91.3 MPH)
Pinch Hitting: LHB Miguel Perea 0-0: Foul Ball, location: 5FF
0-1: Ball
1-1: SINGLE (Line Drive, 7S, EV 86.9 MPH)
Dan Crain to second
Pinch Hitting: LHB Sean Felton 0-0: Ball
1-0: Ball
2-0: Ball
3-0: Called Strike
3-1: Base on Balls
Dan Crain to third
Miguel Perea to second
Batting: RHB David Dudley 0-0: Ball
1-0: Ball
2-0: Ball
3-0: Called Strike
3-1: Swinging Strike
3-2: Strikes out swinging
Batting: SHB Michael Shatley 0-0: Ball
1-0: Ball
2-0: GRAND SLAM HOME RUN (Flyball, 7LD, EV 93.1 MPH), Distance : 360 ft
Bottom of the 9th over - 4 runs, 3 hits, 0 errors, 0 left on base; Memphis 5 - Pittsburgh 7
Saturday, April 13th , 2024 - OOTP Baseball 24.11 Build 85